 Dungeon Crawl Stone Soup version 0.26.0-11-g8f856b5395 (webtiles) character file.

Game seed: 6570457235401042272

67 Marvel the Skirmisher (level 4, -12/40 HPs)
             Began as a Hill Orc Fighter on Jan 15, 2021.
             Killed by divine providence
             ... invoked by an orc priest
              (13 damage)
             ... on level 2 of the Dungeon.
             The game lasted 00:01:22 (1866 turns).

Marvel the Skirmisher (Hill Orc Fighter)            Turns: 1866, Time: 00:01:23

Health: -12/40     AC:  7    Str: 19    XL:     4   Next: 16%
Magic:  4/4        EV:  7    Int:  8    God:
Gold:   112        SH:  9    Dex: 10    Spells: 3/3 levels left

rFire    . . .     SeeInvis .   a - +0 war axe
rCold    . . .     Faith    .   c - +0 kite shield
rNeg     . . .     Spirit   .   b - +0 scale mail
rPois    .         Reflect  .   (no helmet)
rElec    .         Harm     .   (no cloak)
rCorr    .         Rampage  .   (no gloves)
Will     .....                  (no boots)
Stlth    ..........             (no amulet)
HPRegen  0.13/turn              (no ring)
MPRegen  0.09/turn              (no ring)

@: no status effects
A: no striking features
a: Convert to Beogh


You were on level 2 of the Dungeon.
You visited 1 branch of the dungeon, and saw 2 of its levels.

You collected 112 gold pieces.

Inventory:

Hand Weapons
 a - a +0 war axe (weapon)
Armour
 b - a +0 scale mail (worn)
 c - a +0 kite shield (worn)
Scrolls
 e - 2 scrolls of identify {unknown}
 g - 2 scrolls of magic mapping {unknown}
 h - a scroll of remove curse {unknown}
Potions
 d - a potion of might
 f - a potion of haste {unknown}
 i - 2 potions of attraction {unknown}
 j - a potion of heal wounds {unknown}


   Skills:
 + Level 4.1 Fighting
 + Level 4.0 Axes
 + Level 3.8 Armour
 + Level 0.2 Dodging
 + Level 0.3 Stealth
 + Level 3.6 Shields


You had 3 spell levels left.
You didn't know any spells.
Your spell library was empty.

Dungeon Overview and Level Annotations

Branches:
Dungeon (2/15)

Altars:
Ashenzari

Annotations:
D:2 1 runed translucent door, Crazy Yiuf


Message History

You are too injured to fight recklessly!
There are monsters nearby!
You escape the ball python's grasp.
You feel sick. The adder bites you but does no damage.
You feel sick.
The orc priest mumbles some strange prayers to Beogh against you.
Beogh smites you!
* * * LOW HITPOINT WARNING * * *
The adder barely misses you.
You feel sick. You block the adder's attack. The adder closely misses you.
You feel sick. The rat bites you but does no damage.
The orc priest miscasts a cantrip.
You feel sick.
You are no longer poisoned.
The adder bites you.
* * * LOW HITPOINT WARNING * * *
The orc priest mumbles some strange prayers to Beogh against you.
Beogh smites you!
You die...

#.......)...##.#...# ...
####..........[##+#...##.#..
.............o..............
####.......###o.......##...#
#.......# #.r............
#......## #........#.....
#......# #.SS.........>.
######## #..)...........
###@#.......###
###.#.......# #<(.........#
###.........# ###########


You could see an orc priest, an adder, an orc, a ball python and a rat.

Vanquished Creatures
  Terence (D:2)
  A worm (D:2)
  A dart slug (D:1)
  2 leopard geckos (D:1)
  A giant cockroach (D:1)
  4 goblins (D:1)
  7 hobgoblins
  2 ball pythons
  5 bats (D:1)
  4 frilled lizards
  5 kobolds
  2 rats (D:1)
35 creatures vanquished.

Vanquished Creatures (others)
  3 plants (D:1)
3 creatures vanquished.

Grand Total: 38 creatures vanquished

Notes
Turn   | Place    | Note
-------+----------+-------------------------------------------
     0 | D:1      | Marvel the Hill Orc Fighter began the quest for the Orb.
     0 | D:1      | Reached XP level 1. HP: 19/19 MP: 1/1
   273 | D:1      | Reached XP level 2. HP: 27/27 MP: 2/2
   642 | D:1      | Found a broken altar of Ashenzari.
   699 | D:1      | Reached XP level 3. HP: 29/33 MP: 3/3
  1446 | D:2      | Noticed Terence
  1463 | D:2      | Killed Terence
  1464 | D:2      | Reached XP level 4. HP: 24/40 MP: 4/4
  1810 | D:2      | Found a runed translucent door.
  1811 | D:2      | Noticed Crazy Yiuf
  1860 | D:2      | HP: 2/40 [poisoned by an adder]
  1865 | D:2      | HP: 1/40 [adder (1)]
  1866 | D:2      | Killed from afar by an orc priest

Illustrated notes

Levels and vault maps discovered:
D:1:      dpeg_arrival_castle, layout_loops_cross, chequers_big_river,
          roderic_lattice_a, grunt_decor_resistance, minmay_misc_feat_iff,
          nicolae_ashenzari_panopticon
D:2:      layout_basic, minitemple, kennysheep_slug_shrine, uniq_terence,
          uniq_crazy_yiuf_cottage, uniq_jessica

Skill      XL: |  1  2  3 |
---------------+----------+-----
Axes           | 3 4 |  4.0
Fighting       | 4 |  4.1
Armour         | |  3.8
Dodging        | |  0.2
Stealth        | |  0.3
Shields        | |  3.6

Action                   |  1- 3 |  4- 6 || total
-------------------------+-------+-------++-------
Melee: War axe           |   133 |    23 ||   156
Armor: Scale mail        |    59 |    19 ||    78
Dodge: Dodged            |    41 |     8 ||    49
Block: Kite shield       |    80 |     7 ||    87
